 Dungeon Crawl Stone Soup version 0.30-a0-748-ge6a52f7cba (webtiles) character file.

Game seed: 7256599130416766436

65 boo the Insei (level 3, -8/29 HPs)
             Began as a Demonspawn Monk on Feb 9, 2023.
             Mangled by a gnoll
             ... wielding a +0 halberd
              (12 damage)
             ... on level 3 of the Dungeon.
             The game lasted 00:03:03 (1918 turns).

boo the Insei (Demonspawn Monk)                     Turns: 1918, Time: 00:03:04

Health: -8/29      AC:  6    Str: 19    XL:     3   Next: 92%
Magic:  3/3        EV: 12    Int: 11    God:
Gold:   157        SH:  0    Dex: 15    Spells: 2/2 levels left

rFire   . . .      SeeInvis .      - Unarmed
rCold   . . .      Faith    .    (no shield)
rNeg    . . .      Spirit   .    j - +0 leather armour
rPois   .          Reflect  .    a - +0 helmet
rElec   .          Harm     .    n - scarf {+Inv}
rCorr   .          Rampage  .    (no gloves)
Will    .....                    (no boots)
Stlth   ++                       (no amulet)
HPRegen 0.24/turn                q - +6 ring of strength
MPRegen 0.08/turn                (no ring)

@: no status effects
A: icy blue scales 1, demonic guardian 1
a: Evoke Invisibility


You were on level 3 of the Dungeon.
You visited 1 branch of the dungeon, and saw 3 of its levels.

You collected 157 gold pieces.

Inventory:

Armour
 a - a +0 helmet (worn)
 j - a +0 leather armour (worn)
 n - a scarf of invisibility (worn)
 p - a +0 ring mail
Jewellery
 q - a +6 ring of strength (left hand)
Scrolls
 e - 3 scrolls of teleportation {unknown}
 h - 2 scrolls of fog {unknown}
 k - a scroll of noise {unknown}
 l - a scroll of poison {unknown}
 m - a scroll of magic mapping {unknown}
 o - a scroll of enchant armour {unknown}
Potions
 b - 2 potions of ambrosia
 c - 2 potions of flight {unknown}
 d - 2 potions of curing {unknown}
 f - a potion of mutation {unknown}
 g - a potion of brilliance {unknown}
 i - a potion of invisibility {unknown}


   Skills:
 + Level 3.5 Fighting
 + Level 3.2 Dodging
 - Level 1.7 Stealth
 * Level 3.6 Unarmed Combat


You had 2 spell levels left.
You didn't know any spells.
Your spell library contained the following spells:

 Spells                   Type           Power      Damage    Failure   Level
 Call Canine Familiar     Summ           0%         N/A       77%         3
 Portal Projectile        Hex/Tloc       0%         N/A       77%         3
 Spider Form              Tmut/Pois      0%         N/A       77%         3
 Leda's Liquefaction      Hex/Erth       0%         N/A       99%         4
 Silence                  Hex/Air        0%         N/A       100%        5
 Yara's Violent Unravell  Hex/Tmut       0%         3d3       100%        5
 Dragon Form              Tmut           0%         N/A       100%        7


Dungeon Overview and Level Annotations

Branches:
Dungeon (3/15)

Altars:


Innate Abilities, Weirdness & Mutations

You are partially covered in icy blue scales. (AC +2)
A weak demonic guardian rushes to your aid.


Message History

You hit the ball python.
You kill the ball python!
You see here a ball python corpse.
You feel stronger.
q - a +6 ring of strength (left hand)
You see here a +0 whip.
Your movement speed is average.
Your attack delay is about 0.9.
Your damage rating with unarmed combat is about 7 (Base [3 + 3 (UC)] x 122% (Str) x 105% (Fight)).
Your base attributes are Str 13, Int 11, Dex 15.
Unknown command.
You now have 142 gold pieces (gained 15).
You now have 157 gold pieces (gained 15).
A gnoll comes into view. It is wielding a +0 halberd.
The gnoll shouts!
A gnoll comes into view. It is wielding a +0 spear.
The gnoll closely misses you. The gnoll closely misses you.
You hit the gnoll but do no damage. You punch the gnoll.
The gnoll is moderately wounded.
The gnoll hits you with a +0 halberd.
You barely miss the gnoll.
The gnoll is moderately wounded.
The gnoll hits you with a +0 halberd!
You barely miss the gnoll.
The gnoll is moderately wounded.
The gnoll hits you with a +0 halberd!
* * * LOW HITPOINT WARNING * * *
A demonic guardian appears!
You closely miss the gnoll.
The gnoll is moderately wounded.
The gnoll barely misses you.
Your ufetubus closely misses the gnoll.
Your ufetubus barely misses the gnoll.
You closely miss the gnoll.
The gnoll is moderately wounded.
Your ufetubus hits the gnoll. x2; The gnoll barely misses you.
You barely miss the gnoll.
The gnoll is severely wounded.
Your ufetubus barely misses the gnoll. x2
The gnoll hits you with a +0 halberd!
You die...

..# ##.#####.#.# #g.
...#.#.# ... ##.#.#.#
#g# ####....#.### #.#
#..............
#.#####.##....#######
#.......###.#.#
#.########....#
#.5g@.........#
#.########...## #.#
##.## #.#########.#
#...........#
#############


You could see a gnoll (ally target) and a friendly ufetubus (summoned).

Vanquished Creatures
  2 adders (D:2)
  A worm (D:3)
  3 ball pythons
  9 endoplasms
  7 giant cockroaches
  3 goblins
  3 jackals (D:1)
  4 kobolds
  6 rats
38 creatures vanquished.

Vanquished Creatures (collateral kills)
  A jackal (D:1)
1 creature vanquished.

Grand Total: 39 creatures vanquished

Notes
Turn   | Place    | Note
-------+----------+-------------------------------------------
     0 | D:1      | boo the Demonspawn Monk began the quest for the Orb.
     0 | D:1      | Reached XP level 1. HP: 18/18 MP: 1/1
     1 | D:1      | Found a runed translucent door.
   513 | D:1      | Got the Guide on Changing Aeromancy
   611 | D:1      | Gained mutation: A weak demonic guardian rushes to your
                  | aid. [demonic ancestry]
   611 | D:1      | Reached XP level 2. HP: 24/24 MP: 2/2
   959 | D:2      | Gained mutation: You are partially covered in icy blue
                  | scales. (AC +2) [demonic ancestry]
   959 | D:2      | Reached XP level 3. HP: 29/29 MP: 3/3
  1788 | D:3      | Noticed a steam dragon
  1918 | D:3      | Mangled by a gnoll

Illustrated notes

Levels and vault maps discovered:
D:1:      dpeg_arrival_caged_fury, layout_loops_ring
D:2:      layout_loops_ring
D:3:      layout_loops_ring, minmay_misc_feat_rows, minmay_misc_feat_room

Skill      XL: |  1  2 |
---------------+-------+-----
Unarmed Combat | 3 |  3.6
Dodging        | 3 |  3.2
Fighting       | |  3.5
Stealth        | |  1.7

Action                     || total
---------------------------++-------
  Melee: Unarmed           ||   161
         Punch             ||     5
 Armour: Robe              ||     2
         Leather armour    ||    35
  Dodge: Dodged            ||    90

Table legend: (Time is in decaauts)
 A = Elapsed time spent in this place.
 B = Non-inter-level travel time spent in this place.
 C = Inter-level travel time spent in this place.
 D = Time resting spent in this place.
 E = Time spent auto-exploring this place.
 F = Levels seen in this place.
 G = Mean time per level.
                   A        B        C        D        E       F      G
               +--------+--------+--------+--------+--------+-----+--------+
         Total |   1908 |   1865 |     43 |    136 |   1338 |   3 |  636.0 |
       Dungeon |   1908 |   1865 |     43 |    136 |   1338 |   3 |  636.0 |
               +--------+--------+--------+--------+--------+-----+--------+

Top non-repeatable levels by time:
     D:1: 942 daAuts
     D:2: 767 daAuts
     D:3: 198 daAuts
